 Dungeon Crawl Stone Soup version 0.30-a0-305-g026cb31310 (webtiles) character file.

Game seed: 10412734955015874060

58 Sobieck the Cutter (level 4, -7/27 HPs)
             Began as a Kobold Gladiator on Oct 21, 2022.
             Killed by nerve-wracking pain
             ... invoked by Grinder
              (12 damage)
             ... on level 3 of the Dungeon.
             The game lasted 00:02:52 (1957 turns).

Sobieck the Cutter (Kobold Gladiator)               Turns: 1957, Time: 00:02:53

Health: -7/27      AC:  4    Str: 11    XL:     4   Next: 20%
Magic:  4/4        EV: 16    Int:  9    God:
Gold:   122        SH:  0    Dex: 18    Spells: 3/3 levels left

rFire   . . .      SeeInvis .    a - +0 rapier {short}
rCold   . . .      Faith    .    (no shield)
rNeg    . . .      Spirit   .    b - +0 leather armour
rPois   .          Reflect  .    c - +0 helmet
rElec   .          Harm     .    (no cloak)
rCorr   .          Rampage  .    (no gloves)
Will    .....                    (no boots)
Stlth   +++.......               (no amulet)
HPRegen 0.24/turn                (no ring)
MPRegen 0.09/turn                (no ring)

@: no status effects
A: small, no large weapons, nightstalker 3
a: no special abilities


You were on level 3 of the Dungeon.
You visited 1 branch of the dungeon, and saw 3 of its levels.

You collected 122 gold pieces.


Innate Abilities, Weirdness & Mutations

You are small and have problems with some larger weapons.
You are completely attuned to the shadows.


   Skills:
 + Level 2.7 Fighting
 * Level 4.9 Short Blades
 - Level 2.1 Throwing
 + Level 0.9 Armour
 + Level 4.0 Dodging
 + Level 1.7 Stealth


You had 3 spell levels left.
You didn't know any spells.
Your spell library contained the following spells:

 Spells                   Type           Power      Damage    Failure   Level
 Ozocubu's Armour         Ice            0%         N/A       85%         3
 Manifold Assault         Tloc           0%         N/A       99%         4
 Dispersal                Tloc           0%         N/A       100%        6
 Ozocubu's Refrigeration  Ice            0%         4d7       100%        7
 Disjunction              Tloc           0%         N/A       100%        8

Inventory:

Hand Weapons
 a - a +0 rapier (weapon) {short}
Missiles
 d - 3 throwing nets (quivered) {=f!fthrowing}
 e - 2 boomerangs {throwing}
 h - 22 stones {throwing}
 i - 4 poisoned darts {throwing}
Armour
 b - a +0 leather armour (worn)
 c - a +0 helmet (worn)
 l - a +0 leather armour
   (You took it off a hobgoblin on level 2 of the Dungeon)
 n - a +0 leather armour
   (You found it on level 2 of the Dungeon)
 p - a +0 robe
   (You found it on level 2 of the Dungeon)
 r - a +0 ring mail
   (You found it on level 2 of the Dungeon)
Scrolls
 f - 3 scrolls of identify {unknown}
 j - a scroll of vulnerability {unknown}
 q - a scroll of teleportation {unknown}
 s - a scroll of poison {unknown}
Potions
 g - a potion of ambrosia {unknown}
 k - 3 potions of flight {unknown}
 m - 2 potions of curing {unknown}
 o - a potion of brilliance {unknown}
 t - a potion of haste {unknown}
 u - a potion of mutation {unknown}

Dungeon Overview and Level Annotations

Branches:
Dungeon (3/15) Zot: 16044

Altars:

Annotations:
D:2 Terence
D:3 Grinder

.. #.# #. # #.# #.
##.###### #.# ##
....@...####.# #
#######.5....########
#................
#.######.#######. #.#
#...#######. #.#
#.#......†.. #.#
#.#.#######. #.#
#.#.# #. #.# #.#.# #.


You could see Grinder.


Message History

The helpless goblin fails to defend itself.
You impale the goblin!!
You kill the goblin!
No target in view!
Things that are here:
a +0 dagger {short}; a goblin corpse You see here a +0 dagger {short}.
There is an open door here.
There is a stone staircase leading down here.
r - a +0 ring mail You see here a +0 falchion {long}.
A frilled lizard comes into view.
Danger!
The helpless frilled lizard fails to defend itself.
You puncture the frilled lizard!
You kill the frilled lizard!
No target in view!
A goblin comes into view. It is wielding a +0 club.
Danger!
Found a stone staircase leading up.
The helpless goblin fails to defend itself.
You impale the goblin!!
You kill the goblin!
No target in view!
No target in view!
You see here a +0 club {mace}.
You see here a +0 whip {mace}.
You see here a +0 falchion {long}.
You open the door.
There is an open door here.
Done exploring.
Done exploring.
(D) Dungeon
Where to? (Enter - D:1 @ (x,y), ? - help)
You open the door.
There is an open door here.
There is a stone staircase leading down here.
You climb downwards.
There is a stone staircase leading up here.
A frilled lizard is nearby!
Danger!
Unknown command.
Unknown command.
The helpless frilled lizard fails to defend itself.
You impale the frilled lizard!!
You kill the frilled lizard!
s - a scroll labelled QISKALUETA
t - a fuming blue potion Unknown command.
A frilled lizard comes into view.
Danger!
The helpless frilled lizard fails to defend itself.
You impale the frilled lizard!!
You kill the frilled lizard!
No target in view!
u - a yellow potion A worm comes into view.
Danger!
You hit the worm. The worm bites you.
You hit the worm. You hit the worm but do no damage. The worm misses you.
You hit the worm. The worm closely misses you.
You barely miss the worm. You puncture the worm! The worm closely misses you.
You barely miss the worm. You hit the worm but do no damage.
The worm barely misses you.
You hit the worm. The worm barely misses you.
You hit the worm. You hit the worm but do no damage.
The worm barely misses you.
You hit the worm.
You kill the worm!
No target in view!
Unknown command.
Unknown command.
You now have 122 gold pieces (gained 8).
Grinder comes into view.
Danger!
Unknown command.
Grinder shouts!
Grinder gestures at you. Pain shoots through your body!
Unknown command.
Unknown command.
Unknown command.
Okay, then.
Grinder gestures at you.
You suddenly lose the ability to move!
Grinder hits you.
You writhe in agony.
* * * LOW HITPOINT WARNING * * *
Grinder hits you.
* * * LOW HITPOINT WARNING * * *
You writhe in agony.
* * * LOW HITPOINT WARNING * * *
Grinder blinks!
You can move again.
Danger!
Unknown command.
Unknown command.
Grinder gestures at you. Pain shoots through your body!
You die...

Skill      XL: |  1  2  3  4 |
---------------+-------------+-----
Stealth        | 1 |  1.7
Dodging        | 4 |  4.0
Fighting       | |  2.7
Short Blades   | |  4.9
Throwing       | |  2.1
Armour         | |  0.9

Action                   |  1- 3 |  4- 6 || total
-------------------------+-------+-------++-------
Melee: Rapier            |    54 |    19 ||    73
 Stab: Sleeping          |    10 |     7 ||    17
       Distracted        |     1 |       ||     1
Armor: Leather armour    |     7 |       ||     7
Dodge: Dodged            |    43 |     6 ||    49

Levels and vault maps discovered:
D:1:      minmay_arrival_diagonal_passages, layout_loops_cross
D:2:      layout_basic, minmay_pentomino_x2, uniq_terence
D:3:      layout_loops_ring, uniq_jessica, uniq_grinder

Notes
Turn   | Place    | Note
-------+----------+-------------------------------------------
     0 | D:1      | Sobieck the Kobold Gladiator began the quest for the Orb.
     0 | D:1      | Reached XP level 1. HP: 12/12 MP: 1/1
     8 | D:1      | You add the spells Ozocubu's Armour and Ozocubu's
                  | Refrigeration to your library.
   692 | D:2      | Reached skill level 1 in Stealth
   692 | D:2      | Reached XP level 2. HP: 18/18 MP: 2/2
   701 | D:2      | Reached XP level 3. HP: 22/22 MP: 3/3
  1032 | D:2      | Noticed Terence
  1223 | D:2      | You pick up a book of the Warp and begin reading...
  1223 | D:2      | You add the spells Manifold Assault, Dispersal and
                  | Disjunction to your library.
  1328 | D:2      | Reached XP level 4. HP: 20/27 MP: 4/4
  1469 | D:2      | Reached skill level 4 in Dodging
  1948 | D:3      | Noticed Grinder
  1950 | D:3      | Paralysed by Grinder for 4 turns
  1952 | D:3      | HP: 4/27 [Grinder (3)]
  1957 | D:3      | Killed from afar by Grinder

Vanquished Creatures
  2 adders (D:2)
  A worm (D:3)
  2 dart slugs (D:2)
  An endoplasm (D:2)
  2 giant cockroaches
  6 goblins
  2 hobgoblins (D:2)
  A quokka (D:2)
  6 ball pythons
  2 bats (D:2)
  7 frilled lizards
  3 kobolds
  A rat (D:2)
36 creatures vanquished.

Table legend:
 A = Non-vault XP
 B = Vault XP
 C = Vault XP percentage of total XP
 D = Non-vault monster count
 E = Vault monster count
 F = Vault count percentage of total count
                 A         B        C        D         E       F
            +---------+---------+-------+---------+---------+-------
      Total |      81 |       2 |   2.4 |      35 |       1 |   2.8
            +---------+---------+-------+---------+---------+-------
        D:1 |       8 |       0 |   0.0 |       6 |       0 |   0.0
        D:2 |      66 |       2 |   2.9 |      26 |       1 |   3.7
        D:3 |       7 |       0 |   0.0 |       3 |       0 |   0.0
            +---------+---------+-------+---------+---------+-------

Illustrated notes

Table legend:
 A = Kills in this place as a percentage of kills in entire the game.
 B = Kills by you in this place as a percentage of kills by you in the entire game.
 C = Kills by friends in this place as a percentage of kills by friends in the entire game.
 D = Other kills in this place as a percentage of other kills in the entire game.
 E = Experience gained in this place as a percentage of experience gained in the entire game.
 F = Experience gained in this place divided by the number of levels of this place that you have seen.
                   A       B       C       D       E      F
               +-------+-------+-------+-------+-------+----------------------
         Total | 100.0 | 100.0 |   N/A |   N/A | 100.0 |  27.7
       Dungeon | 100.0 | 100.0 |   N/A |   N/A | 100.0 |  27.7
               +-------+-------+-------+-------+-------+----------------------

Table legend: (Time is in decaauts)
 A = Elapsed time spent in this place.
 B = Non-inter-level travel time spent in this place.
 C = Inter-level travel time spent in this place.
 D = Time resting spent in this place.
 E = Time spent auto-exploring this place.
 F = Levels seen in this place.
 G = Mean time per level.
                   A        B        C        D        E       F      G
               +--------+--------+--------+--------+--------+-----+--------+
         Total |   1954 |   1874 |     80 |      0 |   1580 |   3 |  651.3 |
       Dungeon |   1954 |   1874 |     80 |      0 |   1580 |   3 |  651.3 |
               +--------+--------+--------+--------+--------+-----+--------+

Top non-repeatable levels by time:
     D:2: 1113 daAuts
     D:1: 704 daAuts
     D:3: 137 daAuts
